 Dungeon Crawl Stone Soup version 0.29.1-1-gd02db6906a (webtiles) character file.

Game seed: 8890617575419564777

51 bronzecobra64 the Trooper (level 3, -1/33 HPs)
             Began as a Hill Orc Fighter on Sept 26, 2022.
             Killed from afar by Sigmund (8 damage)
             ... with a magic dart
             ... on level 3 of the Dungeon.
             The game lasted 00:08:21 (1419 turns).

bronzecobra64 the Trooper (Hill Orc Fighter)        Turns: 1419, Time: 00:08:22

Health: -1/33      AC:  5    Str: 20    XL:     3   Next: 83%
Magic:  3/3        EV: 10    Int:  8    God:
Gold:   83         SH:  4    Dex: 10    Spells: 2/2 levels left

rFire   . . .      SeeInvis .   a - +0 war axe
rCold   . . .      Faith    .   c - +0 buckler
rNeg    . . .      Spirit   .   m - +0 ring mail
rPois   .          Reflect  .   (no helmet)
rElec   .          Harm     .   (no cloak)
rCorr   .          Rampage  .   (no gloves)
Will    .....                   (no boots)
Stlth   ..........              (no amulet)
HPRegen 0.11/turn               (no ring)
MPRegen 0.08/turn               (no ring)

@: no status effects
A: no striking features
a: no special abilities


You were on level 3 of the Dungeon.
You visited 1 branch of the dungeon, and saw 3 of its levels.

You collected 83 gold pieces.

Inventory:

Hand Weapons
 a - a +0 war axe (weapon)
 e - a +0 sling
 j - a +0 sling
Armour
 b - a +0 scale mail
 c - a +0 buckler (worn)
 m - a +0 ring mail (worn)
Scrolls
 g - 2 scrolls of teleportation {unknown}
 h - 2 scrolls of amnesia {unknown}
 i - a scroll of vulnerability {unknown}
 k - a scroll of noise {unknown}
Potions
 d - a potion of might
 f - a potion of haste {unknown}
 l - a potion of mutation {unknown}


   Skills:
 + Level 4.2 Fighting
 + Level 3.5 Axes
 + Level 3.8 Armour
 + Level 0.2 Dodging
 + Level 3.6 Shields


You had 2 spell levels left.
You didn't know any spells.
Your spell library contained the following spells:

 Spells                   Type           Power      Damage    Failure   Level
 Magic Dart               Conj           0%         1d3       67%         1
 Poisonous Vapours        Pois/Air       0%         N/A       80%         2
 Searing Ray              Conj           0%         2d4       80%         2
 Corpse Rot               Necr/Pois/Air  0%         N/A       100%        4
 Fulminant Prism          Conj/Hex       0%         3d6       100%        4


Dungeon Overview and Level Annotations

Branches:
Dungeon (3/15)

Altars:

Annotations:
D:3 Sigmund


Message History

You see here a gold piece.
You now have 83 gold pieces (gained 1).
You hear some strange, mumbled words.
Something tries to affect you, but you resist.
You completely miss something. Something hits you!
You miss something. Something hits you!
You barely miss something.
A worm comes into view.
You slash something!
You hear some strange, mumbled words.
Something tries to affect you, but you resist.
Something hits you but does no damage.
You hear some strange, mumbled words.
You are confused.
You're too confused to move!
You bump into the rock wall.
Something hits you but does no damage.
Unknown command.
You hear some strange, mumbled words.
Something tries to affect you, but you resist.
A magic dart appears from out of thin air!
The magic dart hits you.
* * * LOW HITPOINT WARNING * * *
You're too confused to move!
You feel less confused.
You hear some strange, mumbled words.
You are confused.
You see here a ball python corpse.
Sigmund appears from thin air!
Reactivating autopickup.
Sigmund points at you and mumbles some strange words.
You resist with significant effort.
You're too confused to move!
You feel less confused. You block Sigmund's attack.
Sigmund casts a spell.
Sigmund flickers and vanishes!
Deactivating autopickup; reactivate with Ctrl-A.
A magic dart appears from out of thin air!
The magic dart hits you!
You die...

#### ..... ..... #.
.....# ###. ...... ...
......#+### #..
#'#'#.....+ #.#..
..$....@..+ #.#..
..........+ #.#..
.........## #.#..
.........# #.#..
.........###########.#..
#.#'#.#{.#.†.#.)...#.#†.
# #......#†#.#.....#....
#...?w...#.#.....###.#
##........#.#..........


You could see a worm.

Vanquished Creatures
  A worm (D:2)
  A dart slug (D:3)
  3 orcs (D:3)
  3 bats
  3 endoplasms
  6 goblins
  7 hobgoblins
  4 jackals (D:1)
  4 ball pythons
  2 frilled lizards
  2 kobolds
  3 rats
39 creatures vanquished.

Vanquished Creatures (others)
  3 fungi (D:1)
  3 plants (D:1)
6 creatures vanquished.

Grand Total: 45 creatures vanquished

Notes
Turn   | Place    | Note
-------+----------+-------------------------------------------
     0 | D:1      | bronzecobra64 the Hill Orc Fighter began the quest for the
                  | Orb.
     0 | D:1      | Reached XP level 1. HP: 19/19 MP: 1/1
   250 | D:1      | Reached XP level 2. HP: 27/27 MP: 2/2
   251 | D:1      | Found a faded altar of an unknown god.
   419 | D:2      | Reached skill level 4 in Fighting
   842 | D:2      | Reached XP level 3. HP: 32/33 MP: 3/3
  1386 | D:3      | Noticed Sigmund
  1419 | D:3      | Killed from afar by Sigmund

Illustrated notes

Levels and vault maps discovered:
D:1:      lemuel_arrival_muddy, layout_loops_ring,
          hellmonk_ecumenical_altar_arch_garden, chequers_jeans
D:2:      layout_loops_corners
D:3:      layout_basic, mainiacjoe_overflow_alcove_4,
          nemelex_spade_bored_becter, uniq_sigmund

Skill      XL: |  1  2 |
---------------+-------+-----
Axes           | 3 |  3.5
Fighting       | 4 |  4.2
Armour         | |  3.8
Dodging        | |  0.2
Shields        | |  3.6

Action                   || total
-------------------------++-------
Melee: War axe           ||    91
Armor: Scale mail        ||    42
       Ring mail         ||    16
Dodge: Dodged            ||    62
Block: Buckler           ||    26
